 Dungeon Crawl Stone Soup version 0.27.0-1-g7a089689b8 (webtiles) character file.

Game seed: 6371294742939890305

6960 lmSkywalker the Tainter (level 10, -22/84 HPs)
             Began as a Grey Draconian Venom Mage on Aug 4, 2021.
             Was an Initiate of Ashenzari.
             Annihilated by a two-headed ogre (23 damage)
             ... on level 10 of the Dungeon on Aug 5, 2021.
             The game lasted 01:00:00 (12413 turns).

lmSkywalker the Tainter (DrVM)                     Turns: 12413, Time: 01:00:00

Health: -22/84     AC: 15    Str: 17    XL:     10   Next: 81%
Magic:  0/19       EV: 13    Int: 19    God:    Ashenzari [......]
Gold:   464        SH:  0    Dex: 11    Spells: 4/21 levels left

rFire    . . .     SeeInvis .   G - +4 long sword
rCold    + . .     Faith    .   F - +0 buckler "Manifest Irritation" {Evo, Cun} (curse)
rNeg     . . .     Spirit   +   (armour unavailable)
rPois    .         Reflect  .   (helmet restricted)
rElec    .         Harm     .   B - +0 cloak
rCorr    .         Rampage  .   E - +1 pair of gloves
Will     .....                  (no boots)
Stlth    +.........             v - amulet of guardian spirit
HPRegen  0.24/turn              u - +6 ring of strength
MPRegen  0.16/turn              D - ring of protection from cold

@: confused
A: AC +12, amphibious, unfitting armour, cold-blooded
a: Renounce Religion, Shatter the Chains


You were on level 10 of the Dungeon.
You worshipped Ashenzari.
Ashenzari was noncommittal.
You visited 2 branches of the dungeon, and saw 11 of its levels.

You collected 464 gold pieces.

Inventory:

Hand Weapons
 m - a +2 dagger of electrocution
 G - a +4 long sword (weapon)
Missiles
 n - 61 poisoned darts
 y - a throwing net
Armour
 B - a +0 cloak (worn)
 E - a +1 pair of gloves (worn)
 F - the cursed +0 buckler "Manifest Irritation" (worn) {Evo, Cun}
   (You took it off a gnoll sergeant on level 9 of the Dungeon)

   It has a curse which improves the following skills: Evocations: Evocations.
   Cunning:   Dodging and Stealth.
Jewellery
 u - a +6 ring of strength (left hand)
 v - an amulet of guardian spirit (around neck)
 D - a ring of protection from cold (right hand)
Wands
 o - a wand of iceblast (18) (quivered)
 p - a wand of flame (15)
 x - a wand of mindburst (4)
 H - a wand of paralysis (2)
Scrolls
 a - a scroll of summoning
 c - 5 scrolls of teleportation
 d - 3 scrolls of vulnerability
 h - 2 scrolls of fear
 l - 2 scrolls of holy word
 q - a scroll of enchant weapon
 r - a scroll of torment
 t - a scroll of silence
 C - a scroll of amnesia
Potions
 b - 5 potions of curing
 e - a potion of resistance
 f - 3 potions of invisibility
 g - 2 potions of lignification
 i - 2 potions of cancellation
 j - a potion of degeneration
 k - a potion of mutation
 s - a potion of berserk rage
 w - a potion of might
 z - a potion of brilliance
 A - 3 potions of heal wounds


   Skills:
 + Level 6.5 Fighting
 + Level 6.0(6.5) Dodging
 - Level 1.7(2.1) Stealth
 - Level 2.0 Shields
 - Level 6.0 Spellcasting
 - Level 2.3 Conjurations
 - Level 2.0 Translocations
 + Level 7.3 Transmutations
 - Level 3.0 Air Magic
 + Level 9.0 Poison Magic
 - Level 2.0(2.4) Evocations


You had 4 spell levels left.
You knew the following spells:

 Your Spells              Type           Power      Damage    Failure   Level
a - Sting                 Tmut/Pois      100%       1d8       1%          1
b - Poisonous Vapours     Pois/Air       56%        N/A       1%          2
c - Mephitic Cloud        Conj/Pois/Air  23%        N/A       6%          3
d - Olgreb's Toxic Radia  Pois           40%        N/A       3%          4
e - Blink                 Tloc           N/A        N/A       10%         2
f - Alistair's Intoxicat  Tmut/Pois      24%        N/A       14%         5

Your spell library contained the following spells:

 Spells                   Type           Power      Damage    Failure   Level
 Apportation              Tloc           26%        N/A       6%          1
 Static Discharge         Conj/Air       15%        N/A       7%          2
 Sticky Flame             Conj/Fire      10%        2d3       65%         4
 Dispel Undead            Necr           5%         3d7       80%         4
 Manifold Assault         Tloc           13%        N/A       86%         5
 Invisibility             Hex            2%         N/A       100%        6
 Storm Form               Tmut/Air       12%        N/A       100%        7


Dungeon Overview and Level Annotations

Branches:
Dungeon (10/15)            Temple (1/1) D:7            Lair (0/6) D:9
    Orc: D:9-12

Altars:
Ashenzari
Cheibriados
Dithmenos
Elyvilon
Hepliaklqana
Kikubaaqudgha
Makhleb
Nemelex Xobeh
Okawaru
Ru
Sif Muna
Trog
Wu Jian
Xom
Yredelemnul

Shops:
D:5 (

Annotations:
D:5 Sigmund
D:9 exclusions: two-headed ogre and wight


Innate Abilities, Weirdness & Mutations

Your dull iron-grey scales are very hard. (AC +12)
You are amphibious.
You cannot fit into any form of body armour.
You are cold-blooded and may be slowed by cold attacks.


Message History

The two-headed ogre is moderately wounded.
The two-headed ogre hits you but does no damage.
The two-headed ogre hits you with a +0 giant club!
You hit the two-headed ogre.
Your tail-slap misses the two-headed ogre.
The two-headed ogre is heavily wounded.
The two-headed ogre hits you but does no damage. x2
You barely miss the two-headed ogre.
The two-headed ogre is heavily wounded.
The two-headed ogre hits you with a +0 giant spiked club!
The two-headed ogre hits you with a +0 giant club!!
The two-headed ogre closely misses you.
The two-headed ogre completely misses you.
You hit the two-headed ogre.
The two-headed ogre is heavily wounded.
The two-headed ogre hits you with a +0 giant spiked club.
The two-headed ogre hits you with a +0 giant club!!
* * * LOW HITPOINT WARNING * * *
There is an open door here.
Casting: Sting (safe; 1% risk of failure)
Confirm with . or Enter, or press ? or * to list all spells.
You can't see any susceptible monsters within range! (Use Z to cast anyway.)
Casting: Sting (safe; 1% risk of failure)
Confirm with . or Enter, or press ? or * to list all spells.
Aiming: Mephitic Cloud (dangerous; 6% risk of failure)
Press: ? - help, Shift-Dir - straight line, p - two-headed ogre That beam is likely to hit you.
Continue anyway?
The ball explodes into a vile cloud!
The stinking cloud engulfs you but does no damage.
The stinking cloud engulfs the two-headed ogre but does no damage.
The two-headed ogre is heavily wounded.
You are engulfed in noxious fumes.
You choke on the stench!
You are confused.
* * * LOW HITPOINT WARNING * * *
The two-headed ogre is engulfed in noxious fumes. x2
The two-headed ogre appears confused.
The two-headed ogre hits you with a +0 giant spiked club!
* * * LOW HITPOINT WARNING * * *
The two-headed ogre hits you with a +0 giant club!!
You die...

#.# ....#+#.... ..# #.#
#..........#.# #.# #.#
#....#.....#.# #.# #.#
#....#.....#.# #.# #.#
#....#.....#.# #.#
#.####....#.....#.####.#
#.........###'###......#+##
#.........☼O☼..............
#.........@########........
#..........# #..####..
#..........# #..# #..
#......(>..# #..####..
#.#####....# #........
#.#####....########........
#..........................
#..........................
###########################


You could see a two-headed ogre (confused, poisoned).

Vanquished Creatures
  Erica (D:8)
  2 two-headed ogres (D:9)
  Joseph (D:7)
  3 trolls
  2 hornets
  3 wyverns
  A steam dragon (D:8)
  An acid dragon (D:9)
  2 black bears
  An ice beast (D:7)
  A sky beast (D:8)
  A necrophage (D:4)
  6 ogres
  2 centaurs (D:6)
  3 kobold brigands
  2 bullfrogs
  A gnoll sergeant (D:9)
  3 scorpions
  12 killer bees
  8 wights
  A crimson imp (D:4)
  A bullfrog zombie (D:3)
  A centaur skeleton (D:4)
  An orc priest (D:3)
  2 hounds
  A bullfrog skeleton (D:6)
  4 iguanas
  A killer bee zombie (D:6)
  A howler monkey zombie (D:8)
  5 adders
  3 gnolls (D:9)
  An ufetubus (D:7)
  3 worms
  A dart slug (D:5)
  6 orcs
  4 ball pythons (D:1)
  3 endoplasms
  A giant cockroach (D:3)
  6 goblins
  9 hobgoblins
  4 jackals (D:3)
  A quokka (D:1)
  A ball python skeleton (D:3)
  3 bats
  7 frilled lizards
  23 kobolds
  7 rats
157 creatures vanquished.

Vanquished Creatures (others)
  2 bushes (D:7)
  15 plants (D:3)
17 creatures vanquished.

Grand Total: 174 creatures vanquished

Notes
Turn   | Place    | Note
-------+----------+-------------------------------------------
     0 | D:1      | lmSkywalker the Draconian Venom Mage began the quest for
                  | the Orb.
     0 | D:1      | Reached XP level 1. HP: 14/14 MP: 3/3
   574 | D:1      | Reached XP level 2. HP: 19/20 MP: 3/5
   694 | D:1      | Learned a level 2 spell: Poisonous Vapours
  1763 | D:2      | Reached XP level 3. HP: 14/26 MP: 0/6
  1953 | D:2      | Reached skill level 1 in Air Magic
  1961 | D:2      | Learned a level 3 spell: Mephitic Cloud
  2292 | D:2      | You fall into a shaft and drop 1 floor!
  2416 | D:2      | Found a faded altar of an unknown god.
  2704 | D:3      | Reached skill level 1 in Conjurations
  2704 | D:3      | Reached XP level 4. HP: 33/33 MP: 1/8
  2795 | D:3      | Reached skill level 4 in Poison Magic
  2961 | D:3      | Reached XP level 5. HP: 38/38 MP: 9/9
  3484 | D:4      | Noticed a black bear
  3492 | D:4      | Killed a black bear
  3683 | D:4      | Found a burning altar of Makhleb.
  3683 | D:4      | Found a shimmering altar of Xom.
  3690 | D:4      | Reached XP level 6. HP: 45/45 MP: 6/11
  4392 | D:4      | Reached skill level 5 in Poison Magic
  4392 | D:4      | Your scales start taking on a dull iron-grey colour.
  4392 | D:4      | Reached XP level 7. HP: 32/49 MP: 13/13
  4744 | D:5      | Entered Level 5 of the Dungeon
  4744 | D:5      | Noticed a troll
  4844 | D:5      | Noticed Sigmund
  4869 | D:5      | Found Foxameju's Weapon Boutique.
  5235 | D:5      | Found a faded altar of an unknown god.
  5235 | D:5      | Found a hazy altar of Hepliaklqana.
  5249 | D:5      | Reached skill level 5 in Spellcasting
  5249 | D:5      | Reached skill level 6 in Poison Magic
  5249 | D:5      | Reached XP level 8. HP: 54/57 MP: 6/15
  5326 | D:5      | Found a faded altar of an unknown god.
  5357 | D:5      | Learned a level 4 spell: Olgreb's Toxic Radiance
  6364 | D:6      | Reached skill level 1 in Fighting
  6364 | D:6      | Reached skill level 1 in Evocations
  7158 | D:7      | Reached skill level 7 in Poison Magic
  7158 | D:7      | Reached XP level 9. HP: 67/67 MP: 9/17
  7235 | D:7      | Noticed Joseph
  7628 | D:7      | Killed Joseph
  7770 | D:7      | Found a staircase to the Ecumenical Temple.
  7780 | Temple   | Entered the Ecumenical Temple
  7864 | Temple   | Became a worshipper of Ashenzari the Shackled
  8114 | D:7      | Identified the +0 leather armour "Odghiarpho" {Str+4}
  8158 | D:8      | Noticed Erica
  8407 | D:7      | Paralysed by a hornet for 3 turns
  8412 | D:7      | Reached skill level 5 in Transmutations
  8634 | D:7      | Noticed a troll
  8635 | D:7      | Noticed a cyclops
  9362 | D:8      | Learned a level 2 spell: Blink
  9484 | D:8      | Reached skill level 1 in Translocations
  9668 | D:8      | Killed a troll
  9669 | D:8      | Reached skill level 8 in Poison Magic
  9766 | D:8      | Reached XP level 10. HP: 80/80 MP: 10/19
  9917 | D:8      | Killed Erica
  9918 | D:8      | Reached skill level 5 in Fighting
  9918 | D:8      | Reached skill level 5 in Dodging
 10245 | D:9      | Noticed a two-headed ogre
 10297 | D:9      | Noticed a two-headed ogre
 10392 | D:9      | Found a staircase to the Lair.
 10399 | D:9      | Noticed a two-headed ogre
 10680 | D:9      | Killed a two-headed ogre
 11247 | D:9      | Killed a two-headed ogre
 11248 | D:9      | Reached skill level 1 in Shields
 11663 | D:9      | Reached skill level 9 in Poison Magic
 12273 | D:9      | Learned a level 5 spell: Alistair's Intoxication
 12274 | D:10     | Entered Level 10 of the Dungeon
 12397 | D:10     | Noticed a two-headed ogre
 12413 | D:10     | HP: 1/84 [two-headed ogre (17)]
 12413 | D:10     | Annihilated by a two-headed ogre

Illustrated notes

Levels and vault maps discovered:
D:1:      dpeg_arrival_oval, layout_loops_corners
D:2:      layout_basic, shapermc_ecumenical_altar_mp_highgroup
D:3:      layout_basic, serial_bayou, serial_bayou_pond_b, serial_bayou_pond_b,
          serial_bayou_lagoon_a, serial_bayou_shore_b, lexackson_kobold_supper
D:4:      layout_cave_pools, grunt_temple_overflow_champion_of_chaos,
          kennysheep_pointless_box, minmay_parallelograms
D:5:      layout_basic, nicolae_hepliaklqana_ecumenical_no_more,
          nicolae_stop_n_shop_2, uniq_sigmund
D:6:      layout_basic
D:7:      minmay_klotski, layout_basic, minmay_temple_entry_nine_rooms,
          worms_lemuel, uniq_harold, uniq_joseph
D:8:      layout_basic, uniq_erica
D:9:      layout_roguey, lair_entry_dummy
D:10:     layout_stronghold, tso_oasis_becter, erik_orc_1, serial_shops,
          kennysheep_mini_moat, grunt_decor_cap
Temple:   dpeg_five_rooms_temple

Skill      XL: |  1  2  3  4  5  6  7  8  9 10 |
---------------+-------------------------------+-----
Air Magic      | 1 2 2 3 |  3.0
Conjurations   | 1 2 |  2.3
Spellcasting   | 3 4 5 6 |  6.0
Poison Magic   | 4 5 6 7 8 9 |  9.0
Transmutations | 3 4 6 7 |  7.3
Dodging        | 2 4 6 |  6.0
Fighting       | 2 4 6 |  6.5
Evocations     | 2 |  2.0
Translocations | 2 |  2.0
Shields        | 2 |  2.0
Stealth        | |  1.7

Action                   |  1- 3 |  4- 6 |  7- 9 | 10-12 || total
-------------------------+-------+-------+-------+-------++-------
Melee: Unarmed           |    10 |       |       |       ||    10
       Tailslap          |     1 |     8 |    12 |    10 ||    31
       Dagger            |     1 |    83 |   137 |    43 ||   264
       Long sword        |       |       |       |     5 ||     5
Throw: Boomerang         |    45 |    32 |    10 |       ||    87
       Dart              |       |       |    13 |       ||    13
 Cast: Sting             |    40 |    25 |    83 |    33 ||   181
       Poisonous Vapours |    11 |     1 |    13 |     8 ||    33
       Mephitic Cloud    |       |     2 |    29 |    21 ||    52
       Olgreb's Toxic Ra |       |       |     8 |     6 ||    14
Invok: Curse Item        |       |       |       |     1 ||     1
Evoke: Wand              |       |       |     9 |     2 ||    11
  Use: Scroll            |       |       |     9 |     1 ||    10
       Potion            |       |       |     1 |       ||     1
 Stab: Sleeping          |       |     1 |       |       ||     1
       Confused          |       |     1 |     3 |     2 ||     6
Armor: Skin              |     6 |    16 |    75 |    22 ||   119
Dodge: Dodged            |    18 |    53 |    95 |    49 ||   215
